 Dungeon Crawl Stone Soup version 0.16-a0-3843-ged98c6c (console) character file.

106 mauris the Changer (level 4, -3/32 HPs)
             Began as a Merfolk Transmuter on Jan 30, 2015.
             Slain by an orc
             ... wielding a +0 trident
              (11 damage)
             ... on level 3 of the Dungeon.
             The game lasted 00:04:18 (3607 turns).

mauris the Changer (Merfolk Transmuter)             Turns: 3607, Time: 00:04:19

Health: -3/32      AC:  2    Str: 10    XL:     4   Next: 84%
Magic:  2/7        EV: 21    Int: 12    God:
Gold:   124        SH:  0    Dex: 20    Spells: 2 memorised, 3 levels left

rFire  . . .     SeeInvis .       - Unarmed
rCold  . . .     Clarity  .     c - melded +0 robe
rNeg   . . .     SustAb   .     (shield currently unavailable)
rPois  x         Gourm    .     (helmet currently unavailable)
rElec  .         Spirit   .     (cloak currently unavailable)
rCorr  .         Warding  .     (gloves currently unavailable)
rMut   .         Stasis   .     (boots currently unavailable)
MR     .....                    (no amulet)
Stlth  ++........               (no ring)
                                (no ring)

@: spider-form (expiring), not resistant to hostile enchantments, unstealthy
A: (change form in water), (swift swim)
a: End Transformation


You were on level 3 of the Dungeon.
You were very hungry.
You were a venomous arachnid creature.
You visited 1 branch of the dungeon, and saw 3 of its levels.

You collected 124 gold pieces.

Inventory:

Missiles
 b - 51 arrows
Armour
 c - a +0 robe (melded)
 o - a +0 cloak
Jewellery
 n - a +5 ring of evasion {unknown}
Scrolls
 e - a scroll of identify {@r1}
 f - a scroll of enchant weapon {unknown}
 g - a scroll of remove curse
 h - a scroll of magic mapping {unknown}
 m - a scroll of fear
Potions
 i - a potion of cancellation
 j - a potion of brilliance
Books
 d - a book of Changes

   Spells                             Type                      Level
   a - Beastly Appendage              Transmutation                1
   b - Sticks to Snakes               Transmutation                2
   c - Spider Form                    Transmutation/Poison         3
   d - Ice Form                       Ice/Transmutation            4
   e - Blade Hands                    Transmutation                5
Comestibles
 a - 2 bread rations
 l - 2 beef jerkies


   Skills:
 - Level 1.1 Fighting
 - Level 2.6 Dodging
 - Level 3.2 Unarmed Combat
 - Level 2.0 Spellcasting
 + Level 6.4 Transmutations


You had 3 spell levels left.
You knew the following spells:

 Your Spells              Type           Power        Failure   Level  Hunger
a - Beastly Appendage     Trmt           ###...       8%          1    ##.....
b - Spider Form           Trmt/Pois      #.........   45%         3    ####...


Dungeon Overview and Level Annotations

Branches:
Dungeon (3/15)

Altars:
Kikubaaqudgha
Xom


Message History

Confirm with . or Enter, or press ? or * to list all spells.
You extend your transformation's duration.
You are feeling very hungry.
The orc hits you from afar with a trident.
Damage: -13%(-4hp) hp: 50%(16hp)
Casting: Beastly Appendage
Confirm with . or Enter, or press ? or * to list all spells.
Your horns disappear.
You turn into a venomous arachnid creature.
Your +0 robe melds into your body.
The orc hits you from afar with a trident.
Damage: -6%(-2hp) hp: 44%(14hp)
The orc hits you with a trident.
* * * LOW HITPOINT WARNING * * *
Huge Dmg: -19%(-6hp) hp: 25%(8hp)
You hit the worm.
The worm is lightly wounded.
Your transformation is almost over.
The orc hits you with a trident!
You die...

..##. #....#
..... #.#.###
#.....## ##.)..#
##.#.#)#
#...)#.##
#..s>#.(######
#..ow##(.....#
#.......####.....
##.#.##.# .
#.#..#.##
#.##....# ..
##.#.### ..
#.....# ## .
###...#### ###.


You could see a worm and an orc.

Vanquished Creatures
  An orc wizard (D:3)
  2 adders
  2 worms (D:2)
  9 bats
  2 giant cockroaches
  7 hobgoblins
  6 jackals
  4 giant geckos
  A giant newt (D:1)
  5 goblins
  7 kobolds
  3 rats
49 creatures vanquished.

Notes
Turn   | Place    | Note
--------------------------------------------------------------
     0 | D:1      | mauris, the Merfolk Transmuter, began the quest for the Orb.
     0 | D:1      | Reached XP level 1. HP: 15/15 MP: 3/3
    28 | D:1      | Huge Dmg: 5 Dmg
   185 | D:1      | Huge Dmg: 3 Dmg
   384 | D:1      | Reached XP level 2. HP: 19/21 MP: 1/4
   467 | D:1      | Huge Dmg: 4 Dmg
   468 | D:1      | Huge Dmg: 4 Dmg
   676 | D:1      | Reached skill level 4 in Transmutations
   984 | D:1      | Huge Dmg: 8 Dmg
  1225 | D:1      | Reached XP level 3. HP: 19/26 MP: 4/6
  1508 | D:2      | Found an ancient bone altar of Kikubaaqudgha.
  1695 | D:2      | Huge Dmg: 10 Dmg
  1813 | D:2      | Learned a level 3 spell: Spider Form
  2115 | D:2      | Reached skill level 5 in Transmutations
  2176 | D:2      | Found a shimmering altar of Xom.
  2529 | D:2      | Reached XP level 4. HP: 25/32 MP: 7/7
  2770 | D:3      | Noticed a phantom
  2784 | D:2      | Huge Dmg: 10 Dmg
  2994 | D:3      | Huge Dmg: 8 Dmg
  3004 | D:3      | Huge Dmg: 4 Dmg
  3012 | D:3      | Huge Dmg: 4 Dmg
  3018 | D:3      | Huge Dmg: 5 Dmg
  3023 | D:3      | Huge Dmg: 1 Dmg
  3312 | D:3      | Huge Dmg: 8 Dmg
  3318 | D:3      | Huge Dmg: 7 Dmg
  3335 | D:3      | Huge Dmg: 10 Dmg
  3338 | D:3      | Huge Dmg: 3 Dmg
  3338 | D:3      | Reached skill level 6 in Transmutations
  3593 | D:3      | Huge Dmg: 7 Dmg
  3607 | D:3      | Huge Dmg: 6 Dmg
  3607 | D:3      | Slain by an orc

Action                   |  1- 3 |  4- 6 || total
-------------------------+-------+-------++-------
Melee: Unarmed           |   150 |    56 ||   206
 Cast: Beastly Appendage |    15 |     6 ||    21
       Spider Form       |     2 |     4 ||     6
  Use: Scroll            |       |     4 ||     4
  Eat: Chunk             |     6 |     3 ||     9

Vault maps used:
D:1:      dpeg_arrival_rhombus, minmay_misc_feat_pillars,
          corexii_item_surrounded_by_moat
D:2:      nicolae_overflow_crystal_walls, kiku_gazebo_garden_becter
D:3:      minmay_snake_closets
